Map: Pylon LE

Players

Casey - Winner!

  • Race: Terran Terran
  • League: Grandmaster

电脑难度(专家)

  • Race: Zerg Zerg

VOD

Have the link to the VOD?

Description

Time

  • Played on: Nov. 2, 2025, 11:39 a.m.
  • Length: 3:34
Show
View Real Time Build Order
Export as new Build Order

Casey Terran - Winner!

Build Orders:  

Get SALT Encoding   

  12  0:00  SCV  
  13  0:12  SCV  
  14  0:18  Supply Depot  
  14  0:25  SCV  
  15  0:40  Barracks  
  15  0:51  Barracks  
  15  0:56  SCV  
  16  1:08  Barracks  
  16  1:11  SCV  
  18  1:27  Marine  
  18  1:29  Orbital Command  
  18  1:38  Marine  
  19  1:45  Marine  
  20  1:54  SCV  
  20  1:56  Marine, Supply Depot  
  20  1:59  Bunker  
  20  2:00  Marine  
  23  2:17  Marine x3  
  26  2:35  Marine x3  
  29  2:41  Bunker x2  
  28  2:48  Supply Depot  
  28  2:49  Supply Depot, Bunker  
  28  2:53  Marine x2  
  28  2:57  SCV  
  31  3:07  Refinery  
  31  3:09  Marine, SCV  
  31  3:12  Marine  
  34  3:15  Marine  
Show
View Real Time Build Order
Export as new Build Order

电脑难度(专家) Zerg 

Build Orders: Pool First 

Get SALT Encoding   

  12  0:00  Drone  
  13  0:12  Overlord  
  13  0:16  Drone  
  14  0:30  Drone x2  
  16  0:43  Spawning Pool  
  16  0:44  Drone  
  16  0:48  Drone  
  17  1:11  Hatchery, Drone  
  17  1:13  Extractor  
  17  1:16  Drone  
  17  1:20  Drone  
  18  1:28  Drone  
  19  1:38  Overlord  
  19  1:47  Queen  
  19  1:49  Drone  
  22  2:00  Zergling x2  
  22  2:10  Zergling x2  
  22  2:21  Drone  
  22  2:22  Drone  
  16  2:35  Drone  
  15  2:38  Drone  
  14  2:44  Drone  
Tags
 
Add a new tag
Caveats
  • Supply blocks, unpowered buildings, or Contaminate may cause inaccurate times.
  • Supply counts are checked every 10 seconds.